 Dungeon Crawl Stone Soup version 0.30-a0-2-gf48d83f5e2 (webtiles) character file.

Game seed: 4332294072509958237

119 Turgor the Grasshopper (level 5, -2/43 HPs)
             Began as a Gnoll Warper on Aug 19, 2022.
             Splashed by a jelly's acid (8 damage)
             ... on level 3 of the Dungeon.
             The game lasted 00:09:32 (3162 turns).

Turgor the Grasshopper (Gnoll Warper)               Turns: 3162, Time: 00:09:33

Health: -2/43      AC: -8    Str: 12    XL:     5   Next: 3%
Magic:  10/12      EV: 12    Int: 13    God:
Gold:   126        SH:  0    Dex: 11    Spells: 12/14 levels left

rFire   . . .      SeeInvis .    h - +0 short sword (freeze)
rCold   . . .      Faith    .    (no shield)
rNeg    . . .      Spirit   .    b - +0 leather armour
rPois   .          Reflect  .    (no helmet)
rElec   .          Harm     .    (no cloak)
rCorr   .          Rampage  .    (no gloves)
Will    .....                    (no boots)
Stlth   +.........               (no amulet)
HPRegen 0.14/turn                (no ring)
MPRegen 0.13/turn                (no ring)

@: corroded, on blink cooldown
A: fangs 1, strong nose, distributed training
a: no special abilities


You were on level 3 of the Dungeon.
You visited 1 branch of the dungeon, and saw 3 of its levels.

You collected 126 gold pieces.

Inventory:

Hand Weapons
 a - a +0 hand axe
 h - a +0 short sword of freezing (weapon)
 k - a +0 sling
 p - a +2 dagger of venom
Missiles
 d - 11 boomerangs of dispersal (quivered)
 e - 5 poisoned darts
Armour
 b - a +0 leather armour (worn)
Magical Staves
 q - a staff of fire
Jewellery
 u - a ring of magical power
Scrolls
 c - 4 scrolls of blinking
 f - a scroll of teleportation {unknown}
 i - a scroll of magic mapping {unknown}
 j - a scroll of identify {unknown}
 o - a scroll of acquirement {unknown}
 r - 2 scrolls of butterflies {unknown}
 s - a scroll of enchant weapon {unknown}
Potions
 g - 2 potions of attraction {unknown}
 l - a potion of curing {unknown}
 m - a potion of mutation {unknown}
 n - a potion of haste {unknown}
 t - a potion of brilliance {unknown}


   Skills:
 + Level 4.7 Fighting
 + Level 1.4 Short Blades
 + Level 1.4 Long Blades
 + Level 4.7 Axes
 + Level 1.4 Maces & Flails
 + Level 1.4 Polearms
 + Level 1.4 Staves
 + Level 1.4 Ranged Weapons
 + Level 2.9 Throwing
 + Level 2.9 Armour
 + Level 4.7 Dodging
 + Level 1.4 Stealth
 + Level 1.4 Shields
 + Level 1.4 Unarmed Combat
 + Level 5.1 Spellcasting
 + Level 1.1 Conjurations
 + Level 1.1 Hexes
 + Level 1.1 Summonings
 + Level 1.1 Necromancy
 + Level 5.5 Translocations
 + Level 1.1 Transmutations
 + Level 1.1 Fire Magic
 + Level 1.1 Ice Magic
 + Level 1.1 Air Magic
 + Level 1.1 Earth Magic
 + Level 1.1 Poison Magic
 + Level 1.5 Invocations
 + Level 1.4 Evocations


You had 12 spell levels left.
You knew the following spells:

 Your Spells              Type           Power      Damage    Failure   Level
a - Blink                 Tloc           34%        N/A       3%          2

Your spell library contained the following spells:

 Spells                   Type           Power      Damage    Failure   Level
 Gell's Gravitas          Tloc           17%        N/A       7%          3
 Lesser Beckoning         Tloc           17%        N/A       7%          3
 Teleport Other           Tloc           17%        N/A       7%          3
 Manifold Assault         Tloc           17%        N/A       54%         5


Dungeon Overview and Level Annotations

Branches:
Dungeon (3/15)

Altars:


Innate Abilities, Weirdness & Mutations

You have very sharp teeth.
Your uncanny sense of smell can sniff out nearby items.
Your experience applies equally to all skills.


Message History

e - 5 poisoned darts (gained 1)
e - 6 poisoned darts (gained 1)
You see here an adder corpse.
A jelly comes into view.
The jelly quivers.
The jelly moves out of view.
You barely miss the jelly. The jelly hits you. The acid corrodes you!
You are splashed with acid!
You hit the jelly but do no damage. The acid corrodes you!
Your hands burn!
The jelly hits you. The acid corrodes you!
You are splashed with acid.
You hit the jelly but do no damage.
Your hands burn!
The jelly barely misses you.
You hit the jelly but do no damage.
Your hands burn!
The jelly hits you.
You are splashed with acid!
* * * LOW HITPOINT WARNING * * *
Blink to where?
Press: ? - help, Dir - move target, f - you
Okay, then.
Unknown command.
Casting: Blink (safe; 3% risk of failure)
Confirm with . or Enter, or press ? or * to list all spells.
You blink.
The jelly jiggles.
Unknown command.
Throw: 6 darts (poison)
Press: ? - help, Q - select action, (/) - cycle Shift-Dir - straight line, f - jelly
Aim: a jelly (89% to hit)
You throw a poisoned dart. The poisoned dart hits the jelly.
The jelly is poisoned.
The jelly jiggles.
The jelly misses you.
Throw: 12 boomerangs (disperse)
Press: ? - help, Q - select action, (/) - cycle Shift-Dir - straight line, f/p - jelly
Aim: a jelly (poisoned, 89% to hit)
You throw a boomerang of dispersal.
The boomerang of dispersal hits the jelly but does no damage.
The jelly hits you.
* * * LOW HITPOINT WARNING * * *
You are splashed with acid!
You die...

#############..#####.#
#.[....n.......# #.#
#.############.# #.#
##.###...######.#####.#######
#......#....................##
#..###...##.#######.#.#####...
#..########.#......>...# ####
##..#........#.####.....#
#....... .##..@J§....##.#
#...#.###.##.#.#..#.###.#
#..............^....# #.#
#..##.#...##.#.#....# #.#
#.........##........# #.#
#.........####.##...# #.#
#.........####.##...###.#
#..........##........##.#
#....>..................#


You could see a jelly (poisoned).

Vanquished Creatures
  4 adders
  2 worms (D:2)
  2 dart slugs
  3 orcs (D:2)
  7 ball pythons
  A bat (D:1)
  6 endoplasms
  4 giant cockroaches
  9 hobgoblins
  4 jackals (D:1)
  2 quokkas (D:1)
  3 frilled lizards
  8 goblins
  A kobold (D:1)
  8 rats
64 creatures vanquished.

Notes
Turn   | Place    | Note
-------+----------+-------------------------------------------
     0 | D:1      | Turgor the Gnoll Warper began the quest for the Orb.
     0 | D:1      | Reached XP level 1. HP: 20/20 MP: 6/6
   325 | D:1      | Reached XP level 2. HP: 26/26 MP: 7/7
   332 | D:1      | Learned a level 2 spell: Blink
   575 | D:1      | Reached skill level 5 in Spellcasting
   575 | D:1      | Reached XP level 3. HP: 28/31 MP: 7/9
   615 | D:1      | You fall into a shaft and drop 1 floor!
   984 | D:1      | Reached skill level 1 in Invocations
  1086 | D:1      | Found a faded altar of an unknown god.
  1254 | D:2      | Reached skill level 1 in Short Blades
  1254 | D:2      | Reached skill level 1 in Long Blades
  1254 | D:2      | Reached skill level 1 in Maces & Flails
  1254 | D:2      | Reached skill level 1 in Polearms
  1254 | D:2      | Reached skill level 1 in Staves
  1254 | D:2      | Reached skill level 1 in Ranged Weapons
  1254 | D:2      | Reached skill level 1 in Stealth
  1254 | D:2      | Reached skill level 1 in Shields
  1254 | D:2      | Reached skill level 1 in Unarmed Combat
  1254 | D:2      | Reached skill level 1 in Evocations
  1504 | D:2      | Reached XP level 4. HP: 38/38 MP: 11/11
  1952 | D:2      | Reached skill level 1 in Conjurations
  1952 | D:2      | Reached skill level 1 in Hexes
  1952 | D:2      | Reached skill level 1 in Summonings
  1952 | D:2      | Reached skill level 1 in Necromancy
  1952 | D:2      | Reached skill level 1 in Transmutations
  1952 | D:2      | Reached skill level 1 in Fire Magic
  1952 | D:2      | Reached skill level 1 in Ice Magic
  1952 | D:2      | Reached skill level 1 in Air Magic
  1952 | D:2      | Reached skill level 1 in Earth Magic
  1952 | D:2      | Reached skill level 1 in Poison Magic
  2343 | D:3      | Noticed a necrophage
  3086 | D:3      | Reached XP level 5. HP: 43/43 MP: 12/12
  3162 | D:3      | Splashed by a jelly's acid

Illustrated notes

Levels and vault maps discovered:
D:1:      dpeg_arrival_short_road, layout_loops_ring,
          ebering_ecumenical_altar_hall, chequers_garden,
          hangedman_abyss_or_decor_lesser_grid, chequers_serial_rivers_micro_d
D:2:      layout_loops_ring, guppyfry_early_orc_mine
D:3:      layout_loops_ring, kennysheep_generic_room_16

Skill      XL: |  1  2  3  4 |
---------------+-------------+-----
Spellcasting   | 5 |  5.1
Invocations    | 1 |  1.5
Short Blades   | 1 |  1.4
Long Blades    | 1 |  1.4
Maces & Flails | 1 |  1.4
Polearms       | 1 |  1.4
Staves         | 1 |  1.4
Ranged Weapons | 1 |  1.4
Stealth        | 1 |  1.4
Shields        | 1 |  1.4
Unarmed Combat | 1 |  1.4
Evocations     | 1 |  1.4
Conjurations   | 1 |  1.1
Hexes          | 1 |  1.1
Summonings     | 1 |  1.1
Necromancy     | 1 |  1.1
Transmutations | 1 |  1.1
Fire Magic     | 1 |  1.1
Ice Magic      | 1 |  1.1
Air Magic      | 1 |  1.1
Earth Magic    | 1 |  1.1
Poison Magic   | 1 |  1.1
Fighting       | |  4.7
Axes           | |  4.7
Throwing       | |  2.9
Armour         | |  2.9
Dodging        | |  4.7
Translocations | |  5.5

Action                   |  1- 3 |  4- 6 || total
-------------------------+-------+-------++-------
Melee: Hand axe          |    98 |     1 ||    99
       Bite              |     6 |    13 ||    19
       Short sword       |    21 |   105 ||   126
 Fire: Sling             |     3 |     3 ||     6
Throw: Dart              |       |     8 ||     8
       Boomerang         |       |     2 ||     2
 Cast: Blink             |       |     1 ||     1
Armor: Leather armour    |    29 |    17 ||    46
Dodge: Dodged            |    67 |    56 ||   123

Table legend: (Time is in decaauts)
 A = Elapsed time spent in this place.
 B = Non-inter-level travel time spent in this place.
 C = Inter-level travel time spent in this place.
 D = Time resting spent in this place.
 E = Time spent auto-exploring this place.
 F = Levels seen in this place.
 G = Mean time per level.
                   A        B        C        D        E       F      G
               +--------+--------+--------+--------+--------+-----+--------+
         Total |   3175 |   3027 |    148 |    147 |   2121 |   3 | 1058.3 |
       Dungeon |   3175 |   3027 |    148 |    147 |   2121 |   3 | 1058.3 |
               +--------+--------+--------+--------+--------+-----+--------+

Top non-repeatable levels by time:
     D:1: 1343 daAuts
     D:2: 1095 daAuts
     D:3: 737 daAuts
